 Dungeon Crawl Stone Soup version 0.28.0-43-g3370ac3207 (webtiles) character file.

Game seed: 7489658415989045939

1817 Kaptain the Digger (level 9, 0/82 HPs)
             Began as a Gargoyle Earth Elementalist on Mar 15, 2022.
             Killed from afar by a steam dragon (5 damage)
             ... with a ball of steam
             ... on level 5 of the Dungeon.
             The game lasted 00:12:09 (5713 turns).

Kaptain the Digger (Gargoyle Earth Elementalist)    Turns: 5713, Time: 00:12:09

Health: 0/82       AC: 24    Str: 13 (14) XL:     9   Next: 10%
Magic:  1/16       EV:  2    Int: 17 (20) God:
Gold:   234        SH:  0    Dex:  9 (10) Spells: 14/18 levels left

rFire   + . .      SeeInvis .   B - +9 dagger "Migget" {drain, Will+ Str+2}
rCold   + . .      Faith    .   (no shield)
rNeg    + . .      Spirit   .   (armour currently unavailable)
rPois   ∞          Reflect  .   (helmet currently unavailable)
rElec   +          Harm     .   (cloak currently unavailable)
rCorr   +          Rampage  .   (gloves currently unavailable)
Will    +....      NoTele   +   (boots currently unavailable)
Stlth   ++........              (no amulet)
HPRegen 0.23/turn               b - ring of wizardry
MPRegen 0.15/turn               (no ring)

@: tree-form, resistant, slowed, very slow
A: stationary, stasis, torment immunity, boosted hp, sickness immunity, AC +6,
negative energy resistance 1, (electricity resistance), torment resistance 1,
petrification resistance
a: no special abilities


You were on level 5 of the Dungeon.
You were a tree.
You visited 1 branch of the dungeon, and saw 5 of its levels.

You collected 234 gold pieces.

Inventory:

Hand Weapons
 r - a +2 short sword of venom
 u - a +2 hunting sling of freezing
 B - the +9 dagger "Migget" (weapon) {drain, Will+ Str+2}
   (You found it on level 5 of the Dungeon)

   A truly terrible weapon, it drains the life of any living foe it strikes.
   Str:       It affects your strength (+2).
   Will:      It increases your willpower.
Missiles
 c - 123 stones
 h - 16 poisoned darts (quivered)
 t - 2 atropa-tipped darts
 w - 8 sling bullets
 y - 2 boomerangs
 A - 3 javelins
Armour
 l - a +0 leather armour of fire resistance (melded)
Jewellery
 b - a ring of wizardry (left branch)
 q - a ring of wizardry
 z - a ring of see invisible
Scrolls
 a - a scroll of fear {unknown}
 d - 5 scrolls of identify {unknown}
 e - 2 scrolls of fog {unknown}
 f - a scroll of blinking {unknown}
 g - a scroll of silence {unknown}
 n - a scroll of immolation {unknown}
 s - a scroll of teleportation {unknown}
Potions
 i - a potion of lignification
 j - a potion of brilliance {unknown}
 k - a potion of mutation {unknown}
 m - 2 potions of degeneration
 o - 2 potions of resistance
 v - 2 potions of flight {unknown}
 x - a potion of ambrosia {unknown}


   Skills:
 * Level 5.6 Fighting
 + Level 3.9 Armour
 - Level 1.5 Dodging
 - Level 2.1 Stealth
 * Level 5.3 Spellcasting
 * Level 5.7 Conjurations
 - Level 0.7 Transmutations
 * Level 7.4 Earth Magic


You had 14 spell levels left.
You knew the following spells:

 Your Spells              Type           Power      Damage    Failure   Level
a - Sandblast             Erth           58%        2d13      1%          1
b - Stone Arrow           Conj/Erth      52%        3d10      1%          3

Your spell library contained the following spells:

 Spells                   Type           Power      Damage    Failure   Level
 Passwall                 Tmut/Erth      15%        N/A       1%          2
 Dazzling Flash           Conj/Hex       28%        N/A       5%          3
 Corpse Rot               Necr/Air       8%         N/A       9%          2
 Poisonous Vapours        Pois/Air       8%         N/A       9%          2
 Petrify                  Tmut/Erth      18%        N/A       11%         4
 Agony                    Necr           4%         N/A       80%         5
 Silence                  Hex/Air        2%         N/A       80%         5


Dungeon Overview and Level Annotations

Branches:
Dungeon (5/15)
 Temple: D:4-7

Altars:
Hepliaklqana
Nemelex Xobeh
Okawaru
Ru
Wu Jian

Shops:
D:1 (

Annotations:
D:5 2 runed translucent doors


Innate Abilities, Weirdness & Mutations

You are a tree.
Your roots penetrate the ground, keeping you stationary.
You cannot be teleported.
You are immune to unholy pain and torment.
Your maximum health is greatly increased.
Your equipment is partially melded.
You are immune to sickness and miasma.
((Your stone body is resilient. (AC +6)))
You are immune to poison.
You resist negative energy. (rN+)
((You are resistant to electric shocks. (rElec)))
You are resistant to unholy torment.
You are immune to petrification.


Message History

You hit the wraith but do no damage.
The wraith is almost destroyed.
The wraith closely misses you.
You barely miss the wraith.
The wraith is almost destroyed.
The wraith hits you! The wraith drains your vigour!
You feel yourself slow down.
Casting: Sandblast (safe; 1% risk of failure)
Confirm with . or Enter, or press ? or * to list all spells.
Aiming: Stone Arrow (safe; 1% risk of failure)
Press: ? - help, Shift-Dir - straight line, f/p - wraith
Aim: a wraith (almost destroyed, 74% to hit)
The stone arrow hits the wraith!
You destroy the wraith!
Unknown command.
It was a potion of degeneration.
There was something very wrong with that liquid.
You feel weakened.
You feel dopey.
You feel clumsy. The steam dragon breathes steam at you.
The ball of steam hits you. You resist. The steam dragon bites you.
The steam dragon claws you but does no damage.
You hit the steam dragon.
The steam dragon is moderately wounded.
The steam dragon bites you!
* * * LOW HITPOINT WARNING * * *
The steam dragon claws you.
* * * LOW HITPOINT WARNING * * *
The steam dragon barely misses you. The steam dragon claws you.
* * * LOW HITPOINT WARNING * * *
It was a potion of resistance.
You feel protected. The steam dragon bites you.
* * * LOW HITPOINT WARNING * * *
The steam dragon claws you but does no damage.
It was a potion of lignification.
You turn into a tree.
Your +0 leather armour of fire resistance melds into your body.
You feel less resistant to fire.
Your roots penetrate the ground.
The steam dragon breathes steam at you. The ball of steam hits you. You resist.
You die...

.................)......# #.###.#
......##..............#.# #.# #.#
......##............#.#.# #.###.#
.###....................###.#...#
.# #........................#.#.#
.# #.....###...........######.###
## #.....# #..............###.#
####.....###...#..######......#
...............#♣##....##..####
.......#.......#D#.####†#..#
.......#........[##.#...#..#
##.....#..##''##('.##.#.#..#
#.....#.##8..8#####.##.#..#
#.....#.#8....8# #..#.##..#
#....<#.#=....)# ######...#
#.^.....#(....:# ######...#
#.......#8....8# #)...##..#


You could see a steam dragon (catching breath).

Vanquished Creatures
  A hornet (D:5)
  A shadow (D:5)
  A wraith (D:5)
  A water moccasin (D:4)
  2 ice beasts
  A black bear (D:4)
  An ogre (D:5)
  A necrophage (D:5)
  2 centaurs (D:5)
  A phantom (D:5)
  A centaur zombie (D:5)
  A bullfrog zombie (D:5)
  3 hounds (D:4)
  2 orc priests
  2 iguanas (D:5)
  3 orc wizards (D:5)
  A killer bee zombie (D:5)
  A hound zombie (D:5)
  3 gnolls (D:5)
  4 adders
  2 ufetubi (D:5)
  An adder zombie (D:5)
  An adder skeleton (D:5)
  3 worms
  2 dart slugs (D:5)
  6 orcs
  3 endoplasms
  A giant cockroach (D:1)
  A goblin (D:1)
  9 hobgoblins
  4 jackals
  5 quokkas
  4 ball pythons
  7 bats
  5 frilled lizards
  12 kobolds
  6 rats
  A spectral kobold (D:1)
106 creatures vanquished.

Vanquished Creatures (others)
  6 plants
6 creatures vanquished.

Grand Total: 112 creatures vanquished

Notes
Turn   | Place    | Note
-------+----------+-------------------------------------------
     0 | D:1      | Kaptain the Gargoyle Earth Elementalist began the quest for
                  | the Orb.
     0 | D:1      | Reached XP level 1. HP: 10/10 MP: 3/3
   163 | D:1      | Reached XP level 2. HP: 16/16 MP: 0/5
   303 | D:1      | Found a faded altar of an unknown god.
   377 | D:1      | Reached skill level 1 in Fighting
   377 | D:1      | Reached skill level 1 in Conjurations
   648 | D:1      | Reached XP level 3. HP: 20/20 MP: 4/6
   652 | D:1      | Learned a level 3 spell: Stone Arrow
   718 | D:1      | Found Doce's Weapon Emporium.
   966 | D:1      | Reached skill level 4 in Earth Magic
  1613 | D:2      | Reached XP level 4. HP: 25/25 MP: 5/7
  2560 | D:3      | Found a faded altar of an unknown god.
  2564 | D:3      | Found an iron altar of Okawaru.
  2789 | D:4      | Noticed an ice beast
  2919 | D:4      | Reached skill level 1 in Armour
  2922 | D:4      | Reached XP level 5. HP: 30/30 MP: 3/9
  3189 | D:4      | Found a sacrificial altar of Ru.
  3366 | D:4      | Noticed a water moccasin
  3373 | D:4      | Killed a water moccasin
  3374 | D:4      | Reached skill level 5 in Earth Magic
  3374 | D:4      | Reached XP level 6. HP: 30/37 MP: 0/11
  3742 | D:4      | Found a hazy altar of Hepliaklqana.
  3742 | D:4      | Found an ornate altar of the Wu Jian Council.
  3742 | D:4      | Found a sparkling altar of Nemelex Xobeh.
  3756 | D:4      | Killed an ice beast
  3854 | D:4      | Reached XP level 7. HP: 41/41 MP: 8/12
  4077 | D:5      | Entered Level 5 of the Dungeon
  4443 | D:5      | Reached skill level 6 in Earth Magic
  4443 | D:5      | Reached XP level 8. HP: 48/48 MP: 7/14
  4832 | D:5      | Found a large runed translucent door.
  4832 | D:5      | Found a large runed translucent door.
  4939 | D:5      | Noticed a shadow
  4942 | D:5      | Killed a shadow
  5057 | D:5      | Identified the +9 dagger "Migget" {drain, Will+ Str+2}
  5076 | D:5      | Noticed a wraith
  5089 | D:5      | Found a large runed translucent door.
  5089 | D:5      | Found a large runed translucent door.
  5102 | D:5      | Reached skill level 5 in Conjurations
  5214 | D:5      | Reached skill level 5 in Fighting
  5440 | D:5      | Noticed a hornet
  5448 | D:5      | Killed a hornet
  5449 | D:5      | Reached skill level 5 in Spellcasting
  5449 | D:5      | Reached skill level 7 in Earth Magic
  5449 | D:5      | Reached XP level 9. HP: 44/54 MP: 3/16
  5713 | D:5      | Killed from afar by a steam dragon

Illustrated notes

Levels and vault maps discovered:
D:1:      scummos_arrival_hexagon, layout_rooms,
          dreamdust_ecumenical_altar_drowned_temple, serial_shops,
          nicolae_shop_hallway_plus, lexackson_kobold_supper
D:2:      layout_basic
D:3:      layout_basic, nicolae_overflow_ecumenical_swirl, serial_forest,
          infiniplex_forest_end_2, infiniplex_forest_straight_2,
          infiniplex_forest_straight_2, infiniplex_forest_clump_small
D:4:      layout_cave_pods, mainiacjoe_overflow_tiny_flanked,
          gammafunk_temple_overflow_claw, nrook_uturn, chequers_mini_garden,
          kennysheep_small_square
D:5:      layout_basic, minmay_hollow_rounded_squares

Skill      XL: |  1  2  3  4  5  6  7  8 |
---------------+-------------------------+-----
Fighting       | 1 2 3 4 5 |  5.6
Conjurations   | 1 2 3 4 5 |  5.7
Earth Magic    | 4 5 6 7 |  7.4
Armour         | 1 2 3 |  3.9
Spellcasting   | 3 4 5 |  5.3
Dodging        | |  1.5
Stealth        | |  2.1
Transmutations | |  0.7

Action                   |  1- 3 |  4- 6 |  7- 9 || total
-------------------------+-------+-------+-------++-------
Melee: Dagger            |    10 |       |    20 ||    30
       Short sword       |    24 |    26 |       ||    50
       Hand axe          |       |     2 |       ||     2
 Fire: Hunting sling     |       |    12 |    31 ||    43
Throw: Dart              |     6 |       |       ||     6
 Cast: Sandblast         |    49 |    34 |    31 ||   114
       Stone Arrow       |       |     7 |    41 ||    48
  Use: Potion            |       |       |     3 ||     3
Armor: Robe              |    19 |       |       ||    19
       Leather armour    |     1 |    20 |    22 ||    43
Dodge: Dodged            |    34 |    36 |    33 ||   103
